[gd_scene load_steps=10 format=3 uid="uid://bp0r0xvrfveiu"]

[ext_resource type="Script" uid="uid://cvn57wtm6xw68" path="res://src/ui/playerUi.gd" id="1_t257t"]
[ext_resource type="PackedScene" uid="uid://d0xlhjj0xnw48" path="res://src/ui/inventory/Inventory.tscn" id="2_4n8b2"]
[ext_resource type="Texture2D" uid="uid://w6y60dpj3ehn" path="res://assets/ui/health-bar-quarter-under.png" id="2_p3tlv"]
[ext_resource type="Texture2D" uid="uid://dbeg3cipgo4k8" path="res://assets/ui/exp-bar.png" id="3_cgr1e"]
[ext_resource type="Texture2D" uid="uid://c7pv5jib5x6sj" path="res://assets/ui/progress.png" id="3_k8fft"]
[ext_resource type="Script" uid="uid://bxi2jaojipp6d" path="res://src/ui/keys.gd" id="4_j1kuu"]
[ext_resource type="PackedScene" uid="uid://cxboyime7tww5" path="res://src/ui/inventory/Equipment.tscn" id="5_m8s7v"]
[ext_resource type="PackedScene" uid="uid://cu7ftdcbol4e3" path="res://src/ui/KeyCounter.tscn" id="8_15ye7"]
[ext_resource type="Script" uid="uid://uorknsgm5uw5" path="res://src/ui/interactions/interactionsMenu.gd" id="14_c6bsb"]

[node name="Ui" type="CanvasLayer"]
script = ExtResource("1_t257t")

[node name="HBoxContainer" type="HBoxContainer" parent="."]
anchors_preset = 8
anchor_left = 0.5
anchor_top = 0.5
anchor_right = 0.5
anchor_bottom = 0.5
grow_horizontal = 2
grow_vertical = 2

[node name="Equipment" parent="HBoxContainer" instance=ExtResource("5_m8s7v")]
unique_name_in_owner = true
visible = false
layout_mode = 2

[node name="Inventory" parent="HBoxContainer" instance=ExtResource("2_4n8b2")]
unique_name_in_owner = true
visible = false
layout_mode = 2

[node name="MarginContainer" type="MarginContainer" parent="."]
anchors_preset = 15
anchor_right = 1.0
anchor_bottom = 1.0
grow_horizontal = 2
grow_vertical = 2
mouse_filter = 2
theme_override_constants/margin_left = 20
theme_override_constants/margin_top = 20
theme_override_constants/margin_right = 20
theme_override_constants/margin_bottom = 20

[node name="Control" type="Control" parent="MarginContainer"]
layout_mode = 2
mouse_filter = 2

[node name="VBoxStats" type="VBoxContainer" parent="MarginContainer/Control"]
layout_mode = 1
anchors_preset = 2
anchor_top = 1.0
anchor_bottom = 1.0
offset_top = -24.0
offset_right = 256.0
grow_vertical = 0
size_flags_horizontal = 0
size_flags_vertical = 8

[node name="MarginContainer" type="MarginContainer" parent="MarginContainer/Control/VBoxStats"]
layout_mode = 2
theme_override_constants/margin_bottom = 8

[node name="Currency" type="HBoxContainer" parent="MarginContainer/Control/VBoxStats/MarginContainer"]
custom_minimum_size = Vector2(256, 12)
layout_mode = 2

[node name="Label" type="Label" parent="MarginContainer/Control/VBoxStats/MarginContainer/Currency"]
layout_mode = 2
text = "Coins:"

[node name="Currency" type="Label" parent="MarginContainer/Control/VBoxStats/MarginContainer/Currency"]
unique_name_in_owner = true
layout_mode = 2
text = "000"

[node name="Exp" type="TextureProgressBar" parent="MarginContainer/Control/VBoxStats"]
unique_name_in_owner = true
modulate = Color(1, 0.835713, 0, 1)
custom_minimum_size = Vector2(256, 12)
layout_mode = 2
nine_patch_stretch = true
texture_under = ExtResource("2_p3tlv")
texture_progress = ExtResource("3_cgr1e")

[node name="Hp" type="TextureProgressBar" parent="MarginContainer/Control/VBoxStats"]
unique_name_in_owner = true
self_modulate = Color(0.492188, 0, 0.0943077, 1)
custom_minimum_size = Vector2(256, 24)
layout_mode = 2
nine_patch_stretch = true
texture_under = ExtResource("2_p3tlv")
texture_progress = ExtResource("3_k8fft")

[node name="HBoxContainer" type="HBoxContainer" parent="MarginContainer/Control/VBoxStats/Hp"]
layout_mode = 1
anchors_preset = 15
anchor_right = 1.0
anchor_bottom = 1.0
grow_horizontal = 2
grow_vertical = 2

[node name="CurrentHp" type="Label" parent="MarginContainer/Control/VBoxStats/Hp/HBoxContainer"]
unique_name_in_owner = true
layout_mode = 2
size_flags_horizontal = 3
text = "000"
horizontal_alignment = 2

[node name="Seperator" type="Label" parent="MarginContainer/Control/VBoxStats/Hp/HBoxContainer"]
layout_mode = 2
text = "/"

[node name="MaxHp" type="Label" parent="MarginContainer/Control/VBoxStats/Hp/HBoxContainer"]
unique_name_in_owner = true
layout_mode = 2
size_flags_horizontal = 3
text = "000"

[node name="PanelContainerKeys" type="PanelContainer" parent="MarginContainer/Control"]
unique_name_in_owner = true
layout_mode = 1
anchors_preset = 4
anchor_top = 0.5
anchor_bottom = 0.5
offset_top = -15.5
offset_right = 48.0
offset_bottom = 15.5
grow_vertical = 2
script = ExtResource("4_j1kuu")
metadata/_edit_use_anchors_ = true

[node name="MarginContainer" type="MarginContainer" parent="MarginContainer/Control/PanelContainerKeys"]
layout_mode = 2
theme_override_constants/margin_left = 6
theme_override_constants/margin_top = 4
theme_override_constants/margin_bottom = 4

[node name="VBoxKeys" type="VBoxContainer" parent="MarginContainer/Control/PanelContainerKeys/MarginContainer"]
layout_mode = 2

[node name="TestingDummyKey" parent="MarginContainer/Control/PanelContainerKeys/MarginContainer/VBoxKeys" instance=ExtResource("8_15ye7")]
layout_mode = 2

[node name="HBoxPlayerBuffs" type="HBoxContainer" parent="MarginContainer/Control"]
unique_name_in_owner = true
layout_mode = 1
anchors_preset = -1

[node name="InteractionsMenu" type="ScrollContainer" parent="MarginContainer/Control"]
unique_name_in_owner = true
visible = false
custom_minimum_size = Vector2(120, 66)
layout_mode = 1
anchors_preset = 7
anchor_left = 0.5
anchor_top = 1.0
anchor_right = 0.5
anchor_bottom = 1.0
offset_left = -8.0
offset_right = 8.0
grow_horizontal = 2
grow_vertical = 0
follow_focus = true
horizontal_scroll_mode = 0
script = ExtResource("14_c6bsb")

[node name="PanelContainer" type="PanelContainer" parent="MarginContainer/Control/InteractionsMenu"]
layout_mode = 2
size_flags_horizontal = 3
size_flags_vertical = 10

[node name="MarginContainer" type="MarginContainer" parent="MarginContainer/Control/InteractionsMenu/PanelContainer"]
layout_mode = 2
theme_override_constants/margin_left = 8
theme_override_constants/margin_top = 4
theme_override_constants/margin_right = 8
theme_override_constants/margin_bottom = 4

[node name="VBoxContainer" type="VBoxContainer" parent="MarginContainer/Control/InteractionsMenu/PanelContainer/MarginContainer"]
layout_mode = 2

[node name="InteractableName" type="Label" parent="MarginContainer/Control/InteractionsMenu/PanelContainer/MarginContainer/VBoxContainer"]
layout_mode = 2
text = "{OBJECT_NAME}"

[node name="InteractionButtons" type="VBoxContainer" parent="MarginContainer/Control/InteractionsMenu/PanelContainer/MarginContainer/VBoxContainer"]
unique_name_in_owner = true
layout_mode = 2
size_flags_vertical = 8

[node name="GridDungeonTimers" type="GridContainer" parent="MarginContainer/Control"]
unique_name_in_owner = true
layout_mode = 1
anchors_preset = 1
anchor_left = 1.0
anchor_right = 1.0
offset_left = -124.0
offset_bottom = 50.0
grow_horizontal = 0
columns = 2

[node name="DungeonTimer" type="Label" parent="MarginContainer/Control/GridDungeonTimers"]
unique_name_in_owner = true
layout_mode = 2
text = "00.000"

[node name="Label" type="Label" parent="MarginContainer/Control/GridDungeonTimers"]
layout_mode = 2
text = ": Overall"

[node name="RoomTimer" type="Label" parent="MarginContainer/Control/GridDungeonTimers"]
unique_name_in_owner = true
layout_mode = 2
text = "00.000"

[node name="Label2" type="Label" parent="MarginContainer/Control/GridDungeonTimers"]
layout_mode = 2
text = ": Room"
